 Dungeon Crawl Stone Soup version 0.29-a0-344-ge2f44be95a (webtiles) character file.

Game seed: 5684317435874573735

1391 sammy202020 the Skirmisher (level 8, -11/67 HPs)
             Began as a Demonspawn Berserker on Apr 22, 2022.
             Was a Priest of Trog.
             Hit by a large rock thrown by a cyclops (31 damage)
             ... on level 6 of the Dungeon.
             The game lasted 00:06:23 (4978 turns).

sammy202020 the Skirmisher (Demonspawn Berserker)   Turns: 4978, Time: 00:06:24

Health: -11/67     AC: 10    Str: 17    XL:     8   Next: 40%
Magic:  8/8        EV:  7    Int: 12    God:    Trog [***...]
Gold:   291        SH:  5    Dex: 12    Spells: 7/7 levels left

rFire   . . .      SeeInvis +   a - +1 hand axe (vamp)
rCold   . . .      Faith    .   (no shield)
rNeg    . . .      Spirit   .   t - +1 chain mail
rPois   .          Reflect  +   (no helmet)
rElec   .          Harm     .   (no cloak)
rCorr   .          Rampage  .   (no gloves)
Will    +....                   (no boots)
Stlth   ..........              r - amulet of reflection
HPRegen 0.21/turn               y - ring of see invisible
MPRegen 0.11/turn               c - ring of willpower

@: on berserk cooldown, slowed, very slow
A: hooves 2, demonic guardian 1, demonic magic 1
a: Renounce Religion, Berserk, Trog's Hand


You were on level 6 of the Dungeon.
You worshipped Trog.
Trog was most pleased with you.
You visited 1 branch of the dungeon, and saw 6 of its levels.

You collected 291 gold pieces.

Inventory:

Hand Weapons
 a - a +1 vampiric hand axe (weapon)
 w - a +2 mace of protection
Missiles
 l - 4 curare-tipped darts (quivered)
 q - a throwing net
Armour
 t - a +1 chain mail (worn)
Jewellery
 c - a ring of willpower (right hand)
 h - an amulet of guardian spirit
 n - an amulet of faith
 r - an amulet of reflection (around neck)
 u - a ring of positive energy
 y - a ring of see invisible (left hand)
Wands
 z - a wand of flame (14)
Scrolls
 d - 2 scrolls of noise
 i - a scroll of identify
 m - a scroll of fog
 o - 2 scrolls of teleportation
 p - 2 scrolls of fear
 s - 2 scrolls of enchant weapon
 A - a scroll of enchant armour
Potions
 b - 3 potions of might {unknown}
 e - 3 potions of resistance
 f - 4 potions of curing
 g - a potion of attraction
 j - a potion of lignification {unknown}
 k - 2 potions of degeneration
 v - 2 potions of haste
 x - a potion of brilliance {unknown}


   Skills:
 * Level 7.2 Fighting
 * Level 6.5 Axes
 + Level 4.5 Armour
 - Level 1.7 Dodging


You had 7 spell levels left.
You didn't know any spells.
Your spell library was empty.

Dungeon Overview and Level Annotations

Branches:
Dungeon (6/15)
 Temple: D:4-7

Altars:
Gozag


Innate Abilities, Weirdness & Mutations

You have hoof-like feet.
A weak demonic guardian rushes to your aid.
Spells you cast may paralyse adjacent enemies.


Message History

Your Fighting skill increases to level 7!
You hit the wight. You kick the wight, but do no damage.
The wight is lightly damaged.
You slash the wight! You kick the wight.
You destroy the wight!
Trog accepts your kill. You block the wight's attack.
You slash the wight!
The wight is heavily damaged.
You block the wight's attack. The wight barely misses you.
You slash the wight!
You destroy the wight!
Trog accepts your kill. The wight barely misses you.
A cyclops comes into view.
The cyclops throws a large rock.
The large rock hits you!!
* * * LOW HITPOINT WARNING * * *
A demonic guardian appears!
Items here: )))) [[[[.
You slash the wight! You kick the wight!
You destroy the wight!
Trog accepts your kill.
Things that are here:
a +0 spear; a +0 robe You feel a strong urge to attack something.
You swap places.
You are no longer berserk.
You are exhausted.
You feel yourself slow down.
You swap places.
Items here: )))) [[[[.
A cyclops is nearby!
A cyclops is nearby!
A cyclops is nearby!
A cyclops is nearby!
Your white imp disappears in a puff of smoke!
The cyclops throws a large rock.
The large rock barely misses your iron imp.
The large rock hits you!!
You die...

######## #......#
######### #.####.##
#......)###.####..##
#.####..ยง.5.@......#
#.C###.####..##
..C..#
#.####..#######
.......#
#.............#
#.......#
#######..####.#
#......## #..####.#
#.#...## #....##.#
#.####
###########.#.##.#
#.......# #......#


You could see a cyclops and a friendly iron imp (summoned).

Vanquished Creatures
  The ghost of spaghetti the Ogre Mage, an amateur OgAE (D:3)
  A water moccasin (D:6)
  2 sky beasts
  A black bear (D:6)
  A phantom (D:3)
  2 scorpions (D:5)
  5 wights (D:6)
  3 hounds
  A gnoll shaman (D:5)
  2 iguanas
  7 gnolls (D:5)
  6 adders
  An ufetubus (D:5)
  4 worms
  4 dart slugs
  6 orcs (D:5)
  6 ball pythons
  4 endoplasms
  5 giant cockroaches
  4 hobgoblins
  4 jackals
  2 kobolds
  2 quokkas
  4 bats
  3 frilled lizards
  7 goblins
  2 rats
90 creatures vanquished.

Notes
Turn   | Place    | Note
-------+----------+-------------------------------------------
     0 | D:1      | sammy202020 the Demonspawn Berserker began the quest for
                  | the Orb.
     0 | D:1      | Reached XP level 1. HP: 18/18 MP: 1/1
   169 | D:1      | Gained mutation: You have large cloven feet. [demonic
                  | ancestry]
   169 | D:1      | Reached XP level 2. HP: 16/24 MP: 2/2
   412 | D:1      | Found a faded altar of an unknown god.
  1109 | D:2      | Gained mutation: Spells you cast may paralyse adjacent
                  | enemies. [demonic ancestry]
  1109 | D:2      | Reached XP level 3. HP: 24/29 MP: 3/3
  1524 | D:2      | Reached ** piety under Trog
  1947 | D:3      | Noticed a phantom
  1958 | D:3      | Killed a phantom
  1959 | D:3      | Reached skill level 4 in Fighting
  1959 | D:3      | Reached XP level 4. HP: 28/37 MP: 4/4
  2272 | D:3      | Reached XP level 5. HP: 42/42 MP: 5/5
  2346 | D:3      | Found a runed translucent gate.
  2346 | D:3      | Found a runed translucent gate.
  2347 | D:3      | Found an opulent altar of Gozag.
  2347 | D:3      | Found a runed translucent gate.
  2347 | D:3      | Noticed a sky beast
  2350 | D:3      | Noticed spaghetti's ghost (amateur OgAE)
  2373 | D:3      | Killed a sky beast
  2380 | D:3      | Killed spaghetti's ghost
  2381 | D:3      | Reached skill level 5 in Fighting
  2381 | D:3      | Gained mutation: A weak demonic guardian rushes to your
                  | aid. [demonic ancestry]
  2381 | D:3      | Reached XP level 6. HP: 44/51 MP: 6/6
  3066 | D:5      | Entered Level 5 of the Dungeon
  3076 | D:5      | Reached skill level 5 in Axes
  3076 | D:5      | Reached XP level 7. HP: 52/56 MP: 7/7
  3479 | D:5      | Reached skill level 6 in Fighting
  3966 | D:5      | Reached *** piety under Trog
  4803 | D:6      | Gained mutation: You have hoof-like feet. [demonic
                  | ancestry]
  4803 | D:6      | Reached XP level 8. HP: 57/65 MP: 8/8
  4965 | D:6      | Reached skill level 7 in Fighting
  4969 | D:6      | Noticed a cyclops
  4978 | D:6      | Hit by a large rock thrown by a cyclops

Illustrated notes

Levels and vault maps discovered:
D:1:      matt_arrival_diagonals, layout_loops_ring,
          shapermc_ecumenical_altar_ellora, chequers_garden
D:2:      layout_loops_cross, minmay_bisected
D:3:      kennysheep_the_goblin_king, layout_rooms, ebering_ghost_gozag,
          kennysheep_minor_cross
D:4:      layout_basic
D:5:      layout_basic, hangedman_abyss_or_decor_stabs
D:6:      layout_loops_cross, nicolae_tso_carved_into_rock,
          gammafunk_temple_overflow_elements, minmay_temple_entry_crystal_x,
          st_stairs_10, kennysheep_nondescript

Skill      XL: |  1  2  3  4  5  6  7  8 |
---------------+-------------------------+-----
Armour         | 2 3 4 |  4.5
Axes           | 3 4 5 6 |  6.5
Fighting       | 4 5 6 7 |  7.2
Dodging        | |  1.7

Action                   |  1- 3 |  4- 6 |  7- 9 || total
-------------------------+-------+-------+-------++-------
Melee: Hand axe          |   100 |    73 |   169 ||   342
       Kick              |    20 |    21 |    53 ||    94
       Punch             |     3 |       |     5 ||     8
Invok: Berserk           |       |     1 |     1 ||     2
       Trog's Hand       |       |     1 |       ||     1
  Use: Scroll            |       |    14 |       ||    14
 Stab: Sleeping          |     1 |       |       ||     1
       Distracted        |       |       |     1 ||     1
Armor: Animal skin       |    18 |       |       ||    18
       Chain mail        |     3 |    33 |    76 ||   112
Dodge: Dodged            |    67 |    19 |    45 ||   131
Block: Other             |     1 |    16 |    40 ||    57
       Reflection        |       |     1 |       ||     1

Table legend: (Time is in decaauts)
 A = Elapsed time spent in this place.
 B = Non-inter-level travel time spent in this place.
 C = Inter-level travel time spent in this place.
 D = Time resting spent in this place.
 E = Time spent auto-exploring this place.
 F = Levels seen in this place.
 G = Mean time per level.
                   A        B        C        D        E       F      G
               +--------+--------+--------+--------+--------+-----+--------+
         Total |   5005 |   4864 |    141 |    253 |   3808 |   6 |  834.2 |
       Dungeon |   5005 |   4864 |    141 |    253 |   3808 |   6 |  834.2 |
               +--------+--------+--------+--------+--------+-----+--------+

Top non-repeatable levels by time:
     D:5: 1441 daAuts
     D:2: 1035 daAuts
     D:1: 912 daAuts
     D:4: 594 daAuts
     D:3: 550 daAuts
     D:6: 470 daAuts
